 Dungeon Crawl Stone Soup version 0.29.0-4-gdea44cf6ec (webtiles) character file.

Game seed: 8536885050941798027

1210 ImASeal the Magician (level 8, -5/50 HPs)
             Began as a Djinni Air Elementalist on Aug 27, 2022.
             Slain by a wyvern skeleton (7 damage)
             ... on level 5 of the Dungeon.
             The game lasted 00:24:36 (6644 turns).

ImASeal the Magician (Djinni Air Elementalist)      Turns: 6644, Time: 00:24:37

Health: -5/50      AC:  4    Str:  7    XL:     8   Next: 74%
Gold:   16         EV: 12    Int: 20    God:
                   SH:  0    Dex: 13

rFire   + + .      SeeInvis .   n - staff of cold
rCold   . . .      Faith    .   (no shield)
rNeg    . . .      Spirit   .   a - +0 robe
rPois   ∞          Reflect  .   k - +1 hat
rElec   .          Harm     .   (no cloak)
rCorr   .          Rampage  .   l - +0 pair of gloves
Will    .....                   (boots unavailable)
Stlth   ++........              (no amulet)
HPRegen 0.16/turn               (no ring)
MPRegen 0.00/turn               (no ring)

@: swift, about to teleport, flying, very quick
A: sickness immunity, fire resistance 2, cold vulnerability 1, float, innate
caster, HP casting, extra vitality 1
a: no special abilities


You were on level 5 of the Dungeon.
You visited 1 branch of the dungeon, and saw 5 of its levels.

You collected 151 gold pieces.
You spent 135 gold pieces at shops.

Inventory:

Hand Weapons
 c - a +0 dagger
Missiles
 h - 4 atropa-tipped darts
 y - 8 poisoned darts
Armour
 a - a +0 robe (worn)
 k - a +1 hat (worn)
 l - a +0 pair of gloves (worn)
Magical Staves
 n - a staff of cold (weapon)
Jewellery
 j - a ring of see invisible
Wands
 u - a wand of charming (6)
 v - a wand of iceblast (10)
Scrolls
 b - 3 scrolls of enchant armour {unknown}
 f - 3 scrolls of noise {unknown}
 i - 7 scrolls of teleportation
 m - 6 scrolls of identify
 q - 2 scrolls of poison
 t - a scroll of torment {unknown}
 w - a scroll of vulnerability {unknown}
 x - 2 scrolls of fear {unknown}
 A - a scroll of enchant weapon {unknown}
Potions
 d - 2 potions of haste {unknown}
 e - a potion of brilliance {unknown}
 g - 3 potions of attraction {unknown}
 o - 2 potions of curing {unknown}
 p - a potion of lignification {unknown}
 r - a potion of might {unknown}
 s - a potion of magic {unknown}
 z - a potion of heal wounds {unknown}


   Skills:
 + Level 0.1 Fighting
 + Level 3.0 Dodging
 + Level 3.4 Stealth
 + Level 7.3 Spellcasting


You had 5 spell levels left.
You knew the following spells:

 Your Spells              Type           Power      Damage    Failure   Level
a - Shock                 Conj/Air       100%       1d9       1%          1
b - Static Discharge      Conj/Air       36%        3-8/arc   1%          2
c - Swiftness             Air            36%        N/A       1%          3
d - Airstrike             Air            18%        2d(3-19)  4%          4
e - Freeze                Ice            100%       1d11      1%          1
f - Poisonous Vapours     Pois/Air       72%        N/A       1%          2
g - Inner Flame           Hex/Fire       36%        N/A       1%          3
Your spell library was empty.

Dungeon Overview and Level Annotations

Branches:
Dungeon (5/15)             Temple (0/1) D:5

Altars:
Ashenzari
Cheibriados

Shops:
D:5 ((?


Innate Abilities, Weirdness & Mutations

You are immune to sickness and miasma.
You are immune to poison.
Your flesh is very heat resistant. (rF++)
You are vulnerable to cold. (rC-)
You float through the air rather than walking.
You learn spells naturally, not from books.
Your magical power is your life essence.
You have superior vitality. (+4 MHP)


Message History

Press: ? - help, Dir - move target, f - bullfrog zombie, p - wyvern skeleton
Aim: a bullfrog zombie (empty space bonus: 6/8)
The air twists around and strikes the bullfrog zombie!
The bullfrog zombie is heavily damaged.
The wyvern skeleton closely misses you.
Casting: Airstrike (dangerous; 4% risk of failure)
Confirm with . or Enter, or press ? or * to list all spells.
The bullfrog zombie is struck by an arc of lightning!
The bullfrog zombie is severely damaged.
You are struck by an arc of lightning.
The bullfrog zombie is struck by an arc of lightning.
The bullfrog zombie is almost destroyed.
The wyvern skeleton is struck by an arc of lightning!
The wyvern skeleton is heavily damaged.
You are struck by an arc of lightning.
The lightning grounds out.
The wyvern skeleton is struck by an arc of lightning.
The wyvern skeleton is heavily damaged.
You are struck by an arc of lightning.
The lightning grounds out.
The wyvern skeleton bites you! The bullfrog zombie hits you.
The wyvern skeleton bites you.
The bullfrog zombie hits you but does no damage.
Casting: Static Discharge (safe; 1% risk of failure)
Confirm with . or Enter, or press ? or * to list all spells.
Aiming: Shock (safe; 1% risk of failure)
Press: ? - help, Shift-Dir - straight line, f/p - bullfrog zombie
Aim: a bullfrog zombie (almost destroyed, 84% to hit)
The zap hits the bullfrog zombie.
You destroy the bullfrog zombie!
* * * LOW HITPOINT WARNING * * *
The wyvern skeleton bites you.
* * * LOW HITPOINT WARNING * * *
As you read the scroll of teleportation, it crumbles to dust.
You feel strangely unstable. The wyvern skeleton bites you.
* * * LOW HITPOINT WARNING * * *
Casting: Shock (safe; 1% risk of failure)
Confirm with . or Enter, or press ? or * to list all spells.
You feel quick.
* * * LOW HITPOINT WARNING * * *
The wyvern skeleton bites you!
You die...

#.###..#########.###.# #.#
#......#..#.#..#.###.# #.# #
#####.###.?(..###...## #.##
########.##.$.....#.#.########...
.........###.....##.#.# #.......#
###########.....(.#.#.###.#####.#
.## ###'''###..........##.# ..#
####.....Z.#...###.##.##.# ..#
#........@.#..## #.##.##.# #.###
#.#.##........# #.......#
....####....#..###.#.# #.##.#.##
............#..<.#.#.####.##.#.##
............#.##.#.....##.##....#
...#....#........#....)##.####..#
...........##..........##.......#
.....##....#######.....#####....#
#....##....# #.....# #.####


You could see a wyvern skeleton.

Vanquished Creatures
  A black bear (D:5)
  An ice beast (D:5)
  An ogre (D:5)
  The ghost of paps the Covert, an amateur OpDe (D:5)
  A phantom (D:5)
  A bullfrog (D:5)
  4 scorpions (D:5)
  A necrophage (D:5)
  A bullfrog zombie (D:5)
  A hound (D:5)
  3 jellies
  An orc priest (D:3)
  An iguana (D:5)
  3 gnolls (D:2)
  11 adders
  2 worms
  4 dart slugs
  10 orcs
  6 endoplasms
  A giant cockroach (D:1)
  5 goblins
  7 hobgoblins
  3 jackals
  3 quokkas
  6 ball pythons
  6 bats
  5 frilled lizards
  9 kobolds
  12 rats
111 creatures vanquished.

Notes
Turn   | Place    | Note
-------+----------+-------------------------------------------
     0 | D:1      | ImASeal the Djinni Air Elementalist began the quest for the
                  | Orb.
     0 | D:1      | ImASeal set off with the following spells memorised: Shock,
                  | Static Discharge, Swiftness, Airstrike.
     0 | D:1      | Reached XP level 1. HP: 15/15 MP: 0/0
   255 | D:1      | Reached XP level 2. HP: 16/21 MP: 0/0
   718 | D:1      | Reached skill level 3 in Spellcasting
   807 | D:1      | Reached XP level 3. HP: 22/25 MP: 0/0
   807 | D:1      | Learned a level 1 spell: Freeze
  1662 | D:2      | Reached XP level 4. HP: 29/31 MP: 0/0
  1988 | D:2      | Reached XP level 5. HP: 29/35 MP: 0/0
  1988 | D:2      | Learned a level 2 spell: Poisonous Vapours
  2165 | D:2      | Found a faded altar of an unknown god.
  2341 | D:2      | Reached skill level 4 in Spellcasting
  3575 | D:3      | Reached XP level 6. HP: 15/40 MP: 0/0
  4129 | D:4      | Found a broken altar of Ashenzari.
  4697 | D:4      | Identified the +6 short sword of Somewhere Else {speed,
                  | Str+3}
  4977 | D:5      | Entered Level 5 of the Dungeon
  5041 | D:5      | Found Tuamy's Antique Weapon Shop.
  5050 | D:5      | Noticed an ice beast
  5069 | D:5      | Killed an ice beast
  5070 | D:5      | Reached skill level 5 in Spellcasting
  5070 | D:5      | Reached XP level 7. HP: 15/45 MP: 0/0
  5070 | D:5      | Learned a level 3 spell: Inner Flame
  5463 | D:5      | Found Ippikib's Magic Scroll Shop.
  5540 | D:5      | Bought a scroll of identify for 30 gold pieces
  5540 | D:5      | Bought a scroll of poison for 60 gold pieces
  5540 | D:5      | Bought a scroll of teleportation for 45 gold pieces
  5587 | D:5      | Found a runed translucent gate.
  5591 | D:5      | Reached skill level 6 in Spellcasting
  5604 | D:5      | Found a runed translucent gate.
  5604 | D:5      | Found a runed translucent gate.
  5647 | D:5      | Found a staircase to the Ecumenical Temple.
  5663 | D:5      | Found Cuuthuro's Weapon Shop.
  5766 | D:5      | Reached XP level 8. HP: 37/50 MP: 0/0
  6033 | D:5      | Found a snail-covered altar of Cheibriados.
  6463 | D:5      | Reached skill level 7 in Spellcasting
  6630 | D:5      | Noticed paps's ghost (amateur OpDe)
  6638 | D:5      | Killed paps's ghost
  6644 | D:5      | Slain by a wyvern skeleton

Illustrated notes

Levels and vault maps discovered:
D:1:      kilobyte_arrival_exit_the_forest, layout_rooms
D:2:      layout_loops_ring, shapermc_ecumenical_altar_totnotflames,
          minmay_misc_feat_diagonals, nrook_campfire,
          chequers_serial_rivers_micro_b
D:3:      layout_loops_ring, mainiacjoe_overflow_alcove_4, st_stairs_4
D:4:      layout_loops_ring, ashenzari_conservatory_becter, minmay_ruptured
D:5:      layout_loops_cross, mainiacjoe_overflow_paths,
          minmay_temple_entry_purple_smoke, gammafunk_ghost_necromancy,
          serial_shops, nicolae_shop_hallway_plus, nicolae_stop_n_shop_1,
          nicolae_shop_waterfront, skrybe_limestone_x, st_stairs_7,
          minmay_misc_feat_cross, grunt_ministairs_13

Skill      XL: |  1  2  3  4  5  6  7  8 |
---------------+-------------------------+-----
Spellcasting   | 3 4 5 6 7 |  7.3
Stealth        | 2 3 |  3.4
Dodging        | 3 |  3.0
Fighting       | |  0.1

Action                   |  1- 3 |  4- 6 |  7- 9 || total
-------------------------+-------+-------+-------++-------
 Cast: Shock             |    72 |   139 |    64 ||   275
       Static Discharge  |     1 |     4 |     6 ||    11
       Freeze            |       |     1 |     1 ||     2
       Airstrike         |       |     1 |     4 ||     5
       Swiftness         |       |     1 |     1 ||     2
  Use: Scroll            |       |       |     1 ||     1
Armor: Robe              |       |     4 |     5 ||     9
Dodge: Dodged            |     5 |    10 |    11 ||    26
